Map: Babylon LE

Players

SLicKcHeeZEE

  • Race: Zerg Zerg
  • League: Bronze
  • Spawn Location: 5:00

A.I. 1 (Elite) - Winner!

  • Race: Terran Terran
  • Spawn Location: 11:00

VOD

Have the link to the VOD?

Description

Time

  • Played on: Sept. 26, 2026, 4:28 p.m.
  • Length: 13:51
Show
View Real Time Build Order
Export as new Build Order

SLicKcHeeZEE Zerg 

Build Orders: Hatch First, Roach Hydra 

Get SALT Encoding   

  8  0:00  Drone  
  9  0:11  Drone  
  10  0:16  Drone  
  11  0:28  Overlord  
  11  0:34  Drone  
  12  0:46  Drone x2  
  14  0:51  Drone  
  15  1:15  Hatchery  
  15  1:17  Drone  
  15  1:20  Drone  
  15  1:25  Drone  
  17  1:40  Spawning Pool  
  17  1:43  Drone  
  17  1:48  Extractor, Drone  
  17  1:52  Drone  
  18  2:00  Drone  
  19  2:10  Overlord  
  19  2:26  Queen  
  19  2:28  Queen  
  23  2:31  Zergling x2  
  23  2:33  Drone  
  25  2:37  Drone  
  25  2:41  Drone  
  28  2:44  Drone  
  28  2:50  Metabolic Boost  
  28  2:54  Extractor  
  27  2:59  Overlord  
  27  3:09  Roach Warren  
  26  3:13  Drone  
  26  3:14  Drone  
  28  3:25  Lair  
  28  3:28  Drone  
  28  3:31  Drone  
  30  3:37  Overlord  
  30  3:50  Roach x2  
  30  3:51  Roach  
  30  3:54  Roach  
  38  4:06  Queen  
  40  4:10  Drone x2  
  40  4:13  Drone  
  40  4:14  Drone  
  44  4:18  Drone  
  45  4:27  Hydralisk Den  
  45  4:29  Glial Reconstitution  
  44  4:34  Overlord  
  44  4:38  Extractor, Drone  
  43  4:40  Drone  
  43  4:41  Drone  
  46  4:56  Hydralisk x2  
  46  4:57  Hydralisk  
  52  5:01  Hydralisk  
  52  5:04  Overlord  
  54  5:18  Drone x2  
  56  5:23  Drone  
  56  5:24  Drone  
  56  5:27  Drone  
  59  5:28  Grooved Spines  
  59  5:36  Evolution Chamber  
  59  5:38  Evolution Chamber  
  57  5:47  Drone x3  
  60  5:55  Hatchery  
  59  6:04  Overlord  
  59  6:05  Zerg Missile Weapons Level 1  
  59  6:06  Zerg Ground Armor Level 1  
  59  6:11  Queen  
  61  6:21  Drone x2  
  61  6:22  Drone  
  61  6:24  Overlord  
  63  6:30  Extractor  
  63  6:32  Muscular Augments  
  62  6:41  Hydralisk x4  
  70  7:18  Roach x3  
  70  7:19  Roach x2, Hydralisk x2  
  84  7:31  Spire  
  84  7:35  Overlord x2  
  83  7:53  Ravager  
  83  7:54  Ravager x3  
  83  7:55  Ravager x2  
  83  7:56  Ravager x2  
  91  8:01  Ravager  
  91  8:03  Overlord  
  91  8:04  Overlord  
  92  8:18  Roach x2  
  92  8:19  Roach x2  
  100  8:41  Hydralisk x2  
  100  8:42  Hydralisk x5  
  114  8:57  Overlord x2  
  114  9:03  Zerg Missile Weapons Level 2  
  114  9:09  Zerg Ground Armor Level 2  
  112  9:58  Hydralisk x8  
  90  11:03  Hydralisk  
  59  11:04  Hydralisk x16  
  93  11:39  Hatchery  
Show
View Real Time Build Order
Export as new Build Order

A.I. 1 (Elite) Terran - Winner!

Build Orders: Mech 

Get SALT Encoding   

  8  0:00  SCV  
  9  0:13  SCV  
  10  0:25  SCV  
  11  0:37  SCV  
  12  0:46  Supply Depot  
  12  0:49  SCV  
  13  0:58  Refinery  
  13  1:08  SCV  
  14  1:18  Barracks  
  14  1:20  SCV  
  15  1:32  SCV  
  16  1:44  Supply Depot, SCV  
  17  1:56  SCV  
  18  2:08  Marine, SCV  
  20  2:09  Factory  
  20  2:20  SCV  
  21  2:24  Barracks  
  21  2:29  Marine  
  22  2:32  SCV  
  23  2:44  Supply Depot, SCV  
  23  2:49  Marine  
  25  2:56  SCV  
  26  3:17  Command Center  
  26  3:21  Orbital Command  
  26  3:27  Refinery  
  26  3:28  Marine  
  26  3:32  Marine  
  28  3:46  SCV  
  29  3:56  Marine  
  29  3:58  Factory  
  29  4:00  SCV  
  31  4:05  Marine  
  32  4:12  SCV  
  32  4:14  Factory Tech Lab  
  33  4:25  SCV  
  33  4:28  SCV  
  35  4:37  SCV  
  36  4:39  Siege Tank  
  36  4:40  SCV  
  36  4:42  Factory Tech Lab  
  40  4:49  SCV  
  40  4:52  SCV  
  42  4:56  Supply Depot  
  42  5:00  Siege Tank  
  42  5:01  SCV  
  42  5:03  Marine  
  42  5:04  SCV  
  48  5:11  Hellion  
  50  5:16  Refinery  
  50  5:17  Orbital Command  
  50  5:18  SCV  
  50  5:21  Supply Depot  
  51  5:28  Barracks Tech Lab  
  51  5:30  SCV  
  51  5:32  Siege Tank  
  51  5:33  Hellion  
  57  5:42  SCV  
  58  5:43  SCV  
  58  5:46  Supply Depot  
  58  5:54  Siege Tank, SCV  
  58  5:55  SCV  
  63  5:59  Refinery  
  63  6:05  Hellion, Armory  
  63  6:06  SCV  
  63  6:07  SCV  
  67  6:12  Supply Depot  
  66  6:18  SCV  
  66  6:22  SCV  
  68  6:27  Hellion  
  68  6:30  SCV  
  71  6:34  SCV  
  71  6:36  Command Center  
  71  6:37  Armory  
  72  6:42  Factory, SCV  
  72  6:46  SCV  
  74  6:47  Supply Depot  
  74  6:51  Siege Tank  
  74  6:53  Terran Vehicle Weapons Level 1  
  77  6:54  Siege Tank  
  77  6:55  SCV  
  77  6:59  SCV  
  82  7:03  Infernal Pre-Igniter  
  82  7:09  SCV, Marine  
  82  7:10  Supply Depot  
  82  7:11  SCV, Marine  
  86  7:19  Engineering Bay  
  86  7:21  SCV  
  87  7:23  Hellion  
  87  7:24  SCV, Terran Vehicle And Ship Armor Level 1  
  90  7:32  Marauder, Hellion  
  90  7:34  Supply Depot  
  90  7:36  SCV  
  95  7:46  Missile Turret  
  95  7:47  Marine, Cyclone  
  95  7:48  Hellion, SCV x2  
  95  7:49  Missile Turret  
  95  7:50  SCV  
  104  7:53  Terran Infantry Weapons Level 1  
  104  7:54  Marauder, Widow Mine  
  108  7:59  Supply Depot  
  108  8:00  SCV  
  108  8:02  SCV  
  108  8:03  SCV  
  111  8:12  SCV  
  112  8:13  Engineering Bay  
  112  8:14  SCV  
  112  8:15  Orbital Command, Marauder  
  115  8:24  SCV, Supply Depot  
  115  8:26  SCV  
  115  8:27  Missile Turret  
  117  8:32  Missile Turret  
  117  8:33  Cyclone  
  120  8:36  Hellion, SCV, Marauder  
  120  8:37  Marine  
  120  8:38  SCV  
  120  8:39  Terran Infantry Armor Level 1  
  127  8:42  Stimpack  
  127  8:46  SCV  
  127  8:48  Supply Depot  
  128  8:50  SCV  
  128  8:51  SCV  
  130  8:56  Widow Mine  
  130  8:58  SCV, Widow Mine  
  135  9:06  Missile Turret  
  138  9:10  SCV, Widow Mine  
  138  9:11  Starport  
  138  9:13  Supply Depot  
  138  9:22  Terran Vehicle Weapons Level 2  
  138  9:28  Barracks  
  138  9:29  Barracks Reactor  
  138  9:30  Missile Turret, Command Center  
  138  9:37  Supply Depot  
  138  9:44  Marauder  
  139  9:46  SCV  
  139  9:47  Siege Tank  
  139  9:48  Starport Tech Lab  
  139  9:52  Missile Turret  
  143  9:57  Missile Turret  
  143  9:59  Missile Turret  
  143  10:04  Missile Turret  
  143  10:05  Marauder  
  143  10:06  Supply Depot, Medivac  
  139  10:16  Barracks Tech Lab  
  139  10:21  Barracks  
  139  10:22  Command Center  
  139  10:26  Starport  
  139  10:27  Marauder  
  139  10:28  Widow Mine  
  141  10:30  Supply Depot  
  141  10:31  Widow Mine  
  141  10:42  Raven, Marauder  
  145  10:48  Marauder  
  135  10:59  Command Center  
  135  11:03  Marauder, SCV  
  130  11:05  SCV  
  131  11:13  Hellion  
  131  11:15  Marine  
  131  11:16  SCV  
  131  11:17  SCV  
  136  11:23  Terran Infantry Weapons Level 2  
  136  11:28  SCV  
  136  11:29  SCV  
  138  11:34  SCV  
  139  11:40  SCV  
  139  11:42  Orbital Command  
  139  11:43  Marine x3  
  139  11:45  Marine  
  139  11:46  Marine  
  137  11:52  Siege Tank  
  122  11:55  Siege Tank  
  122  12:00  Hellion  
  122  12:01  Marine  
  126  12:03  Marine  
  127  12:11  Marine  
  127  12:12  Missile Turret  
  127  12:13  Marine  
  129  12:16  Combat Shield  
  129  12:18  Marine  
  129  12:19  Marine  
  129  12:21  Medivac  
  129  12:22  Hellion  
  135  12:23  Marine  
  135  12:24  Siege Tank  
  135  12:27  Orbital Command  
  135  12:29  Marine  
  139  12:30  Marine  
  139  12:32  Missile Turret  
  139  12:35  Medivac  
  139  12:37  Marine  
  142  12:38  Marine  
  142  12:39  Refinery  
  142  12:40  Refinery, Marine  
  143  12:47  Marine  
  143  12:49  Marauder, Refinery  
  143  12:50  Concussive Shells  
  146  12:51  Medivac  
  146  12:52  Refinery  
  146  12:54  Missile Turret  
  148  13:02  Barracks  
  148  13:05  Viking, Marauder  
  150  13:06  Command Center  
  150  13:10  Marauder  
  152  13:16  Missile Turret  
  150  13:22  Marine, Starport Reactor  
  150  13:23  Marine  
  150  13:25  Marine  
  150  13:26  Marauder  
  155  13:31  Marine  
  157  13:42  Ghost Academy  
  157  13:44  Barracks Tech Lab  
  160  13:49  Supply Depot  
Tags
 
Composition
MechRoach Hydra
League
Bronze
Matchup
TvZ
Spawn Locations
Cross Positions
Add a new tag
Caveats
  • Supply blocks, unpowered buildings, or Contaminate may cause inaccurate times.
  • Supply counts are checked every 10 seconds.